AoeStats
← Favriel

Arabia

509689044Analyzed
2v2 RM · 3d ago on Sep 27, 2026· 59m 10s· 4 players
Game mode
Random Map
Map size
Medium (4 player)
Population
200
Speed
Normal
Resources
Standard
Victory
Conquest
Starting age
Dark Age
Ending age
Imperial Age
RankedLock teamsTeams togetherTeam positionsShared explorationLock speedFull tech treeHidden civsTurbo modeCheats
Victory
Defeat
🇹🇷 Magyars · Türkiye
1195
+16
🇹🇷 Britons · Türkiye
1110
+19
🇭🇺 Poles · Hungary
1211
-19
🇲🇽 Bulgarians · Mexico
1153
-16
peterbrny
7:37 Loom
9:59 Feudal Age
11:08 Double-Bit Axe
Cid Hitokiri
9:57 Loom
12:20 Feudal Age
13:43 Fletching
13:51 Double-Bit Axe
13:48 Horse Collar
20:06 Castle Age
18:59 Scale Barding Armor
19:06 Forging
20:46 Bloodlines
21:22 Chain Barding Armor
21:09 Bodkin Arrow
22:47 Wheelbarrow
23:18 Chain Barding Armor
26:38 Iron Casting
35:25 Imperial Age
36:17 Bracer
39:06 Chemistry
38:57 Ballistics
40:27 Conscription
40:45 Murder Holes
42:14 Guard Tower
44:52 Plate Barding Armor
46:27 Onager
48:42 Masonry
Favriel
5:06 Loom
10:01 Feudal Age
10:43 Double-Bit Axe
12:15 Horse Collar
19:21 Gold Mining
22:52 Castle Age
22:23 Fletching
22:33 Padded Archer Armor
23:21 Wheelbarrow
23:44 Stone Mining
23:21 Crossbowman
24:26 Bow Saw
24:18 Heavy Plow
26:35 Bodkin Arrow
33:46 Town Watch
37:17 Squires
38:32 Gold Shaft Mining
38:31 Leather Archer Armor
39:00 Hand Cart
39:52 Town Patrol
43:36 Imperial Age
40:32 Pikeman
42:15 Fervor
43:41 Arson
44:42 Ballistics
45:23 Chemistry
43:49 Elite Longbowman
45:09 Treadmill Crane
46:09 Bracer
47:34 Two-Man Saw
47:45 Ring Archer Armor
47:11 Halberdier
48:32 Scale Mail Armor
48:43 Forging
48:45 Masonry
50:42 Siege Engineers
53:33 Iron Casting
53:13 Chain Mail Armor
54:14 Conscription
54:30 Murder Holes
55:13 Warwolf
55:35 Yeomen
Oronax
3:27 Loom
6:39 Loom
8:53 Feudal Age
11:09 Double-Bit Axe
17:04 Horse Collar
21:11 Castle Age
20:12 Fletching
20:27 Gold Mining
21:24 Padded Archer Armor
22:02 Bow Saw
24:18 Bodkin Arrow
27:38 Wheelbarrow
29:51 Thumb Ring
30:09 Hand Cart
29:40 Town Watch
30:08 Husbandry
30:20 Bloodlines
31:29 Heavy Plow
34:37 Corvinian Army
34:43 Stone Mining
35:18 Ballistics
35:25 Light Cavalry
40:22 Imperial Age
37:53 Town Patrol
38:23 Treadmill Crane
38:55 Masonry
39:33 Scale Barding Armor
39:44 Leather Archer Armor
40:29 Heavy Cavalry Archer
41:27 Recurve Bow
42:06 Conscription
42:07 Capped Ram
43:54 Chain Barding Armor
43:35 Bracer
44:39 Elite Magyar Huszar
47:24 Hoardings
49:39 Two-Man Saw
49:15 Gold Shaft Mining
49:11 Crop Rotation
49:46 Chemistry
48:51 Siege Engineers
52:04 Onager
57:10 Pikeman
57:35 Arson
59:00 Cavalier
59:03 Hussar
Connection lost

Rejoining the realm…

Still unreachable

The connection could not be restored.

Session expired

The server has moved on; the page needs a fresh start.